 Dungeon Crawl Stone Soup version 0.31-a0-865-g3d5d91748a (webtiles) character file.

Game seed: 3771444253421017070

12466 gelatine the Cleaver (level 11, -3/83 HPs)
             Began as a Demonspawn Gladiator on Oct 10, 2023.
             Slain by a death yak (12 damage)
             ... on level 1 of the Lair of Beasts.
             The game lasted 00:25:52 (10617 turns).

gelatine the Cleaver (Demonspawn Gladiator)        Turns: 10617, Time: 00:25:54

Health: -3/83      AC: 25    Str: 18    XL:     11   Next: 62%
Magic:  17/17      EV: 13    Int: 10    God:
Gold:   761        SH:  5    Dex: 17    Spells: 14/18 levels left

rFire   . . .        a - +1 broad axe (flame)
rCold   . . .        K - +0 buckler
rNeg    . . .        E - +4 ring mail of Defiance {rElec rPois rCorr SInv}
rPois   +            c - +0 helmet
rElec   +            u - +2 cloak {rCorr}
rCorr   +            b - +1 pair of gloves of the Curious Continents {Harm}
SInv    +            (no boots)
Will    .....        w - amulet of magic regeneration
Stlth   +++          i - +4 ring of protection
HPRegen 0.33/turn    B - +4 ring of protection
MPRegen 0.55/turn

%: harm (+30% outgoing, +20% incoming)
@: no status effects
A: hooves 2, thin skeletal structure 1, demonic guardian 2
a: no special abilities


You were on level 1 of the Lair of Beasts.
You visited 2 branches of the dungeon, and saw 11 of its levels.
You also visited: Ossuary.

You collected 761 gold pieces.

Inventory:

Hand Weapons
 a - a +1 broad axe of flaming (weapon)
 n - the +12 short sword of Tension {freeze, rC- Str+5}
   (You found it on level 6 of the Dungeon)

   Str+5:     It affects your strength (+5).
   rC-:       It makes you vulnerable to cold.
 M - the +7 long sword of Gloom {venom, rF- rN+ MP+9 Dex+2}
   (You took it off an orc wizard on level 7 of the Dungeon)

   Dex+2:     It affects your dexterity (+2).
   rF-:       It makes you vulnerable to fire.
   rN+:       It protects you from negative energy.
   MP+9:      It affects your magic capacity (+9).
Missiles
 d - 3 throwing nets
 e - a javelin
 H - 5 boomerangs (quivered)
 N - a curare-tipped dart
Armour
 b - the +1 pair of gloves of the Curious Continents (worn) {Harm}
   (You found it on level 10 of the Dungeon)

   Harm:      It increases damage dealt and taken.
 c - a +0 helmet (worn)
 u - a +2 cloak of preservation (worn)
 E - the +4 ring mail of Defiance (worn) {rElec rPois rCorr SInv}
   (You found it on level 5 of the Dungeon)

   rElec:     It insulates you from electricity.
   rPois:     It protects you from poison SInv: It lets you see invisible.
   rCorr:     It protects you from acid and corrosion.
 I - a +1 leather armour of fire resistance
 K - a +0 buckler (worn)
Jewellery
 i - a +4 ring of protection (left hand)
 w - an amulet of magic regeneration (around neck)
 B - a +4 ring of protection (right hand)
 F - a ring of positive energy
Wands
 o - a wand of flame (22)
 x - a wand of iceblast (9)
 L - a wand of digging (1)
Scrolls
 f - 2 scrolls of vulnerability
 g - 3 scrolls of amnesia
 k - a scroll of blinking
 v - a scroll of revelation
 y - a scroll of immolation
 z - 2 scrolls of noise {unknown}
 A - 2 scrolls of fog
 D - 3 scrolls of teleportation
 J - 2 scrolls of poison
 P - a scroll of fear
 R - a scroll of brand weapon {unknown}
 S - a scroll of silence {unknown}
Potions
 h - 3 potions of mutation
 j - 5 potions of enlightenment
 l - 4 potions of curing
 m - 2 potions of magic
 p - 3 potions of attraction
 q - 5 potions of heal wounds
 r - a potion of cancellation
 s - 3 potions of lignification
 t - a potion of resistance
 C - a potion of invisibility {unknown}
 G - a potion of berserk rage
 O - a potion of might
 Q - a potion of haste


   Skills:
 * Level 6.8 Fighting
 + Level 2.0 Short Blades
 * Level 10.7 Axes
 + Level 2.1 Throwing
 * Level 5.6 Armour
 * Level 6.3 Dodging
 + Level 3.0 Stealth
 * Level 2.5 Shields
 + Level 4.3 Spellcasting
 + Level 4.4 Transmutations
 + Level 4.9 Evocations


You had 14 spell levels left.
You knew the following spells:

 Your Spells              Type           Power      Damage    Failure   Level
a - Wereblood             Tmut           11%        N/A       13%         2
b - Passwall              Tmut/Erth      5%         N/A       32%         2

Your spell library contained the following spells:

 Spells                   Type           Power      Damage    Failure   Level
 Freeze                   Ice            8%         1d3       45%         1
 Sandblast                Erth           4%         2d4       45%         1
 Ensorcelled Hibernation  Hex/Ice        4%         N/A       61%         2
 Jinxbite                 Hex            4%         N/A       61%         2
 Sublimation of Blood     Necr           2%         N/A       61%         2
 Frozen Ramparts          Ice            4%         1d1       83%         3
 Hailstorm                Conj/Ice       2%         3d3       83%         3
 Stone Arrow              Conj/Erth      4%         3d7       83%         3
 Anguish                  Hex/Necr       1%         N/A       99%         4
 Animate Dead             Necr           2%         N/A       99%         4
 Brom's Barrelling Bould  Conj/Erth      2%         2d3       99%         4
 Haunt                    Necr/Summ      1%         N/A       100%        7
 Summon Hydra             Summ           1%         N/A       100%        7
 Infestation              Necr           1%         N/A       100%        8


Dungeon Overview and Level Annotations

Branches:
Dungeon (10/15)            Temple (0/1) D:7            Lair (1/5) D:9
    Orc (0/2) D:9         Ossuary (visited)

Altars:
Gozag
Makhleb
Qazlal
Xom

Shops:
D:4 :

Portals:
Trove: D:10 (give +4 storm dragon scales)

Annotations:
D:3 1 runed translucent door, DocEon's ghost, amateur DECj


Innate Abilities, Weirdness & Mutations

You have hoof-like feet.
You have a somewhat thin skeletal structure. (Dex +2, Stealth+)
A demonic guardian rushes to your aid.


Message History

You completely miss the death yak. The death yak gores you!
The death yak barely misses you.
You slash the death yak! You burn the death yak.
The death yak is moderately wounded.
You hit the death yak. You burn the death yak.
The death yak gores you but does no damage.
The death yak gores you!!
You slash the death yak! You burn the death yak.
You kick the death yak, but do no damage.
The death yak is heavily wounded.
You hit the death yak. You burn the death yak.
The death yak gores you but does no damage. x2
You hit the death yak. You burn the death yak. You kick the death yak.
The death yak is severely wounded.
You hit the death yak but do no damage. The death yak gores you!
The death yak gores you but does no damage.
You slash the death yak! You burn the death yak.
You kick the death yak, but do no damage.
The death yak is almost dead.
You hit the death yak. You burn the death yak.
The death yak closely misses you.
The death yak gores you but does no damage.
You hit the death yak. You burn the death yak.
You kick the death yak, but do no damage.
The death yak is almost dead.
You hit the death yak. You burn the death yak.
The death yak closely misses you. The death yak gores you.
You hit the death yak but do no damage.
The death yak is almost dead.
You barely miss the death yak. You block the death yak's attack.
The death yak gores you!!
* * * LOW HITPOINT WARNING * * *
You hit the death yak but do no damage. Your kick misses the death yak.
The death yak is almost dead.
You hit the death yak. You burn the death yak. The death yak gores you!
* * * LOW HITPOINT WARNING * * *
A demonic guardian appears!
You block the death yak's attack.
The death yak gores you but does no damage.
The death yak gores you!
You die...

#...##.###.#...... ..
..................
..##.###.#####...##.##..
........................
.#.P.#..................
........................
.........##P.........###
.......3................
##.###@.#.##...........
....YYYY................
..#..#Y##...........####
........................
.#######.#.##..#.###....
#.#.##..####.#####....
......................
###...................
#...................


You could see 5 death yaks and a friendly sun demon (summoned).

Vanquished Creatures
  A death yak (Lair:1)
  3 elephants (Lair:1)
  A rime drake (D:9)
  A komodo dragon (Lair:1)
  A polar bear (D:9)
  3 blink frogs (Lair:1)
  Sigmund (D:4)
  16 yaks
  2 wraiths
  A vampire (D:10)
  2 wyverns
  Menkaure (D:5)
  A water moccasin (Lair:1)
  2 orc warriors
  A swamp drake (D:9)
  2 sky beasts
  A black bear (D:6)
  2 ice beasts
  3 wolves (Lair:1)
  3 centaurs
  3 ogres
  2 phantoms
  4 kobold brigands
  Blork the orc (D:5)
  2 bullfrogs
  3 scorpions
  5 wights (D:8)
  8 killer bees (D:8)
  7 howler monkeys
  4 hounds
  2 jellies
  5 orc priests
  2 gnoll boudas
  Crazy Yiuf (D:3)
  5 iguanas
  A sleepcap (D:5)
  Natasha (twice) (D:2)
  6 orc wizards
  A mummy (Ossuary)
  9 adders
  15 gnolls
  3 white imps
  3 worms
  2 dart slugs
  21 orcs
  4 endoplasms
  2 giant cockroaches (D:1)
  6 goblins
  4 hobgoblins
  17 jackals
  27 kobolds
  A quokka (D:4)
  2 ball pythons
  6 bats
  A frilled lizard (D:1)
  7 gnoll skeletons (Ossuary)
  5 kobold skeletons (Ossuary)
  13 orc skeletons (Ossuary)
  5 rats
265 creatures vanquished.

Vanquished Creatures (collateral kills)
  A two-headed ogre (D:10)
  A troll (D:10)
  5 blink frogs (Lair:1)
  A water moccasin (D:5)
  A gnoll bouda (D:6)
  Natasha (D:2)
  2 gnolls
12 creatures vanquished.

Grand Total: 277 creatures vanquished

Notes
Turn   | Place    | Note
-------+----------+-------------------------------------------
     0 | D:1      | gelatine the Demonspawn Gladiator began the quest for the
                  | Orb.
     0 | D:1      | Reached XP level 1. HP: 16/16 MP: 1/1
   464 | D:1      | Gained mutation: A weak demonic guardian rushes to your
                  | aid. [demonic ancestry]
   464 | D:1      | Reached XP level 2. HP: 22/22 MP: 2/2
   772 | D:2      | Reached skill level 3 in Axes
   947 | D:2      | Gained mutation: You have a somewhat thin skeletal
                  | structure. (Dex +2, Stealth+) [demonic ancestry]
   947 | D:2      | Reached XP level 3. HP: 27/27 MP: 3/3
   959 | D:2      | Noticed Natasha
   960 | D:2      | Found a faded altar of an unknown god.
   970 | D:2      | Killed Natasha
  1103 | D:2      | Noticed Natasha
  1110 | D:2      | Killed Natasha
  1111 | D:2      | Reached skill level 1 in Armour
  1111 | D:2      | Reached XP level 4. HP: 10/34 MP: 4/4
  1259 | D:2      | Noticed Natasha
  1267 | D:2      | Killed Natasha
  1588 | D:2      | Reached skill level 4 in Axes
  1663 | D:2      | Gained mutation: A demonic guardian rushes to your aid.
                  | [demonic ancestry]
  1663 | D:2      | Reached XP level 5. HP: 39/39 MP: 5/5
  1749 | D:2      | Learned a level 2 spell: Wereblood
  2120 | D:3      | Found a runed translucent door.
  2124 | D:3      | Noticed DocEon's ghost (amateur DECj)
  2178 | D:3      | Found a runed translucent door.
  2179 | D:3      | Noticed Crazy Yiuf
  2618 | D:3      | Killed Crazy Yiuf
  2806 | D:4      | Found Bymy's Book Shop.
  2821 | D:4      | Reached skill level 1 in Stealth
  2821 | D:4      | Reached XP level 6. HP: 46/46 MP: 5/7
  2991 | D:4      | HP: 1/47 [gnoll/+0 halberd (6)]
  3283 | D:4      | Reached skill level 1 in Evocations
  3326 | D:4      | Found a shimmering altar of Xom.
  3652 | D:4      | Reached skill level 1 in Spellcasting
  3654 | D:4      | Reached XP level 7. HP: 52/52 MP: 8/8
  3660 | D:4      | Reached skill level 1 in Transmutations
  3743 | D:4      | Noticed Sigmund
  3747 | D:4      | Killed Sigmund
  3748 | D:4      | Reached skill level 5 in Axes
  4037 | D:5      | Entered Level 5 of the Dungeon
  4206 | D:5      | Noticed Blork the orc
  4218 | D:5      | Killed Blork the orc
  4219 | D:5      | Gained mutation: You have large cloven feet. [demonic
                  | ancestry]
  4219 | D:5      | Reached XP level 8. HP: 60/60 MP: 10/10
  4288 | D:5      | Reached skill level 6 in Axes
  4449 | D:5      | Noticed Menkaure
  4453 | D:5      | Killed Menkaure
  4457 | D:5      | Identified the +4 ring mail of Defiance {rElec rPois rCorr
                  | SInv}
  4828 | D:6      | Identified the +12 short sword of Tension {freeze, rC-
                  | Str+5}
  4855 | D:6      | Found a sand-covered staircase.
  4860 | Ossuary  | Entered an ossuary
  5223 | D:6      | Reached skill level 7 in Axes
  5281 | D:6      | Gained mutation: You have hoof-like feet. [demonic
                  | ancestry]
  5281 | D:6      | Reached XP level 9. HP: 66/66 MP: 12/12
  6022 | D:7      | Identified the +7 long sword of Gloom {venom, rF- rN+ MP+9
                  | Dex+2}
  6224 | D:7      | Reached skill level 1 in Short Blades
  6330 | D:7      | Reached skill level 5 in Fighting
  6473 | D:7      | Found a staircase to the Ecumenical Temple.
  6689 | D:8      | Reached skill level 5 in Dodging
  6856 | D:8      | Identified a scroll of acquirement
  6856 | D:8      | Acquired a +0 broad axe of flaming
  7202 | D:8      | Reached skill level 8 in Axes
  7488 | D:8      | Reached XP level 10. HP: 60/74 MP: 15/15
  7899 | D:9      | Found a staircase to the Lair.
  7908 | D:9      | Reached skill level 1 in Shields
  7989 | D:9      | Reached skill level 9 in Axes
  8295 | D:9      | Found a stormy altar of Qazlal.
  8298 | D:9      | Found a burning altar of Makhleb.
  8470 | D:9      | Found an opulent altar of Gozag.
  8917 | D:9      | Found a staircase to the Orcish Mines.
  9003 | D:10     | Entered Level 10 of the Dungeon
  9094 | D:10     | Learned a level 2 spell: Passwall
  9129 | D:10     | Noticed a two-headed ogre
  9139 | D:10     | Reached skill level 5 in Armour
  9141 | D:10     | Killed a two-headed ogre
  9142 | D:10     | Reached XP level 11. HP: 45/81 MP: 17/17
  9277 | D:10     | Identified the +1 pair of gloves of the Curious Continents
                  | {Harm}
  9376 | D:10     | Found a portal to a secret trove of treasure.
  9617 | D:10     | HP: 4/81 [vampire/vampiric draining (19)]
 10126 | Lair:1   | Entered Level 1 of the Lair of Beasts
 10329 | Lair:1   | Reached skill level 10 in Axes
 10597 | Lair:1   | Noticed a death yak
 10603 | Lair:1   | Noticed a death yak
 10603 | Lair:1   | Noticed a death yak
 10604 | Lair:1   | Noticed a death yak
 10605 | Lair:1   | Killed a death yak
 10605 | Lair:1   | Noticed a death yak
 10608 | Lair:1   | Noticed a death yak
 10617 | Lair:1   | Slain by a death yak

Illustrated notes

Levels and vault maps discovered:
D:1:      dpeg_arrival_central, layout_basic, minmay_crystal_water
D:2:      minmay_kobold_bridge, layout_basic, hellmonk_ecumenical_altar_run_dry,
          uniq_natasha
D:3:      layout_basic, ebering_ghost_sewer_d, corexii_hall_statues_l,
          uniq_crazy_yiuf_cottage
D:4:      layout_layer_cave, kennysheep_mini, serial_shops, shop, uniq_sigmund
D:5:      layout_rooms, uniq_menkaure, uniq_blork_the_orc
D:6:      layout_cave_pods, enter_ossuary_5
D:7:      layout_rooms, minmay_temple_entry_from_below_a, serial_glass,
          glass_columns_b, glass_columns_b, glass_columns_a, glass_columns_a,
          glass_columns_b, glass_columns_a, glass_columns_b, glass_columns_b
D:8:      layout_basic
D:9:      layout_irregular_city, chequers_temple_overflow_statue_of_worship,
          nicolae_overflow_squiral, hellmonk_lair_entry_icy, erik_orc_1
D:10:     layout_irregular_city, enter_trove_0
Lair:1:   layout_long_grid, wad_woods_03

Skill      XL: |  1  2  3  4  5  6  7  8  9 10 11 |
---------------+----------------------------------+-----
Dodging        | 3 4 5 6 |  6.3
Axes           | 3 4 5 7 8 9 10 | 10.7
Armour         | 1 2 3 4 5 |  5.6
Stealth        | 1 2 3 |  3.0
Fighting       | 3 4 5 6 |  6.8
Evocations     | 1 2 3 4 |  4.9
Spellcasting   | 1 2 3 4 |  4.3
Transmutations | 2 3 4 |  4.4
Short Blades   | 2 |  2.0
Shields        | 1 2 |  2.5
Throwing       | 2 |  2.1

Action                     |  1- 3 |  4- 6 |  7- 9 | 10-12 || total
---------------------------+-------+-------+-------+-------++-------
  Melee: War axe           |    87 |   149 |   165 |       ||   401
         Punch             |     2 |     1 |     3 |       ||     6
         Kick              |       |       |    76 |    85 ||   161
         Short sword       |       |       |   106 |       ||   106
         Broad axe         |       |       |    31 |   225 ||   256
  Throw: Throwing net      |       |     4 |       |       ||     4
         Javelin           |       |     1 |       |       ||     1
         Boomerang         |       |       |       |    30 ||    30
   Cast: Wereblood         |       |       |       |     1 ||     1
  Evoke: Wand              |       |     4 |    28 |     6 ||    38
    Use: Scroll            |       |       |    23 |       ||    23
         Potion            |       |       |       |     2 ||     2
   Stab: Sleeping          |     1 |     7 |     6 |       ||    14
         Held in net/web   |       |     1 |       |       ||     1
         Distracted        |       |       |     2 |       ||     2
 Armour: Leather armour    |    67 |    90 |    44 |       ||   201
         Ring mail         |       |       |   167 |   237 ||   404
  Dodge: Dodged            |    89 |   106 |   249 |   154 ||   598
  Block: Buckler           |       |       |    37 |    65 ||   102

Table legend: (Time is in decaauts)
 A = Elapsed time spent in this place.
 B = Non-inter-level travel time spent in this place.
 C = Inter-level travel time spent in this place.
 D = Time resting spent in this place.
 E = Time spent auto-exploring this place.
 F = Levels seen in this place.
 G = Mean time per level.
                   A        B        C        D        E       F      G
               +--------+--------+--------+--------+--------+-----+--------+
         Total |  10801 |  10412 |    389 |      0 |   8071 |  12 |  900.1 |
       Dungeon |   9942 |   9553 |    389 |      0 |   7552 |  10 |  994.2 |
          Lair |    505 |    505 |      0 |      0 |    375 |   1 |  505.0 |
       Ossuary |    353 |    353 |      0 |      0 |    144 |   1 |  353.0 |
               +--------+--------+--------+--------+--------+-----+--------+

Top non-repeatable levels by time:
     D:4: 1402 daAuts
     D:9: 1345 daAuts
    D:10: 1101 daAuts
     D:8: 1061 daAuts
     D:2: 1056 daAuts
     D:3: 889 daAuts
     D:6: 884 daAuts
     D:1: 773 daAuts
     D:7: 731 daAuts
     D:5: 696 daAuts
  Lair:1: 505 daAuts
 Ossuary: 353 daAuts
